AA NE
HARTFORD YARD GOATS @ ERIE SEAWOLVES
06/28/2041
 
TOP OF THE 1ST
Hartford Yard Goats batting - Pitching for Erie SeaWolves : LHP Jake William
Pitching: LHP Jake William
Batting: LHB Sergio Ayata 0-0: Ball
1-0: Swinging Strike
1-1: Ball
2-1: Ball
3-1: Foul Ball, location: 2F
3-2: SINGLE (Line Drive, 8RS, EV 89.4 MPH)
Batting: RHB Stan Moore 0-0: Swinging Strike
0-1: Ball
1-1: Ball
2-1: DOUBLE (Flyball, 8LXD, EV 113.1 MPH)
Sergio Ayata to third
Batting: RHB Juan Ortíz 0-0: Swinging Strike
0-1: Ball
1-1: Foul Ball, location: 2F
1-2: Ball
2-2: Ball
3-2: Foul Ball, location: 9LMF
3-2: Fly out, F9 (Flyball, 9D, EV 83.8 MPH)
Runner from 3rd tags up, SCORES, no throw by RF
Batting: LHB Ben Browning 0-0: Ball
1-0: Called Strike
1-1: Swinging Strike
1-2: Ball
2-2: Ball
3-2: Strikes out swinging
Batting: RHB Jeff Moon 0-0: Called Strike
0-1: Ball
1-1: Foul Ball, location: 23F
1-2: DOUBLE (Flyball, 9LM, EV 109.4 MPH)
Stan Moore scores
Batting: RHB Ben Pearcy 0-0: Called Strike
0-1: Ball
1-1: Ball
2-1: Fly out, F8 (Flyball, 78M, EV 80.6 MPH)
Top of the 1st over - 2 runs, 3 hits, 0 errors, 1 left on base; Hartford 2 - Erie 0
BOTTOM OF THE 1ST
Erie SeaWolves batting - Pitching for Hartford Yard Goats : RHP Randy Makeever
Pitching: RHP Randy Makeever
Batting: SHB Luis Alemán 0-0: Ball
1-0: Called Strike
1-1: SINGLE (Line Drive, 89M, EV 103.1 MPH)
Batting: SHB António González 0-0: Ball
1-0: Swinging Strike
1-1: Fielders Choice at 2nd, 4-6 (Groundball, 4M, EV 105.0 MPH)
Batting: LHB António García 0-0: Ball
1-0: Ball
2-0: Ball
3-0: Called Strike
3-1: Grounds into double play, 4-6-3 (Groundball, 34, EV 87.5 MPH)
Bottom of the 1st over - 0 runs, 1 hit, 0 errors, 0 left on base; Hartford 2 - Erie 0
TOP OF THE 2ND
Hartford Yard Goats batting - Pitching for Erie SeaWolves : LHP Jake William
Batting: RHB Iván Ojeda 0-0: Called Strike
0-1: DOUBLE (Line Drive, 8LD, EV 109.4 MPH)
Batting: RHB Lúcio Rodríguez 0-0: Ball
1-0: Called Strike
1-1: Sac Bunt to 5S - play at first, batter OUT! 5-3
Iván Ojeda to third
Batting: RHB Ignacio López 0-0: Called Strike
0-1: Ball
1-1: Ball
2-1: Ball
3-1: Base on Balls
Batting: LHB Sergio Ayata 0-0: Foul Ball, location: 7LDF
0-1: Called Strike
0-2: Foul Ball, location: 9LSF
0-2: Fly out, F8 (Flyball, 78D, EV 94.4 MPH)
Runner from 3rd tags up, SCORES, throw by CF
Batting: RHB Stan Moore 0-0: Ball
1-0: Called Strike
1-1: Ground out 4-3 (Groundball, 4S, EV 93.8 MPH)
Top of the 2nd over - 1 run, 1 hit, 0 errors, 1 left on base; Hartford 3 - Erie 0
BOTTOM OF THE 2ND
Erie SeaWolves batting - Pitching for Hartford Yard Goats : RHP Randy Makeever
Batting: LHB Kevin Richter 0-0: Called Strike
0-1: Ball
1-1: SOLO HOME RUN (Flyball, 89XD, EV 106.9 MPH), Distance : 427 ft
Batting: SHB Billy Davis 0-0: Swinging Strike
0-1: Ball
1-1: Ball
2-1: Ball
3-1: Base on Balls
Batting: SHB Cristián Medina 0-0: Foul Ball, location: 25FF
0-1: Foul Ball, location: 5SF
0-2: Grounds into double play, 4-6-3 (Groundball, 4, EV 88.8 MPH)
Batting: RHB Joe Milligan 0-0: Called Strike
0-1: Called Strike
0-2: Ball
1-2: Foul Ball, location: 2RF
1-2: Foul Ball, location: 5FF
1-2: Strikes out swinging
Bottom of the 2nd over - 1 run, 1 hit, 0 errors, 0 left on base; Hartford 3 - Erie 1
TOP OF THE 3RD
Hartford Yard Goats batting - Pitching for Erie SeaWolves : LHP Jake William
Batting: RHB Juan Ortíz 0-0: Called Strike
0-1: Foul Ball, location: 9LSF
0-2: Ball
1-2: Ground out 6-3 (Groundball, 6, EV 88.8 MPH)
Batting: LHB Ben Browning 0-0: Called Strike
0-1: Swinging Strike
0-2: Strikes out swinging
Batting: RHB Jeff Moon 0-0: Ball
1-0: Fly out, F8 (Line Drive, 8RS, EV 93.8 MPH)
Top of the 3rd over - 0 runs, 0 hits, 0 errors, 0 left on base; Hartford 3 - Erie 1
BOTTOM OF THE 3RD
Erie SeaWolves batting - Pitching for Hartford Yard Goats : RHP Randy Makeever
Batting: RHB Jorge Sánchez 0-0: Called Strike
0-1: Ball
1-1: Fly out, F9 (Flyball, 9LSF, EV 91.3 MPH)
Batting: RHB Dan Strong 0-0: Ball
1-0: Ball
2-0: Ball
3-0: Base on Balls
Batting: SHB Luis Alemán 0-0: Ball
1-0: Foul Ball, location: 2F
1-1: SINGLE (Groundball, 6, EV 100.0 MPH) (infield hit)
Dan Strong to second
Batting: SHB António González 0-0: 3-RUN HOME RUN (Flyball, 7D, EV 97.5 MPH), Distance : 390 ft
Batting: LHB António García 0-0: Called Strike
0-1: Ball
1-1: Ground out 4-3 (Groundball, 4, EV 85.6 MPH)
Batting: LHB Kevin Richter 0-0: Called Strike
0-1: Ball
1-1: Ground out 4-3 (Groundball, 4, EV 104.4 MPH)
Bottom of the 3rd over - 3 runs, 2 hits, 0 errors, 0 left on base; Hartford 3 - Erie 4
TOP OF THE 4TH
Hartford Yard Goats batting - Pitching for Erie SeaWolves : LHP Jake William
Batting: RHB Ben Pearcy 0-0: Ball
1-0: Called Strike
1-1: Swinging Strike
1-2: SINGLE (Groundball, 56S, EV 86.9 MPH) (infield hit)
Batting: RHB Iván Ojeda 0-0: Sac Bunt to 3S - play at first, batter OUT! 3-4
Ben Pearcy to second
Batting: RHB Lúcio Rodríguez 0-0: Swinging Strike
0-1: Foul Ball, location: 2F
0-2: Ground out 5-3 (Groundball, 56S, EV 67.5 MPH)
Ben Pearcy to third
Batting: RHB Ignacio López 0-0: Called Strike
0-1: Ball
1-1: Foul Ball, location: 7LSF
1-2: Ball
2-2: Strikes out swinging
Top of the 4th over - 0 runs, 1 hit, 0 errors, 1 left on base; Hartford 3 - Erie 4
BOTTOM OF THE 4TH
Erie SeaWolves batting - Pitching for Hartford Yard Goats : RHP Randy Makeever
Batting: SHB Billy Davis 0-0: SOLO HOME RUN (Flyball, 78XD, EV 111.3 MPH), Distance : 443 ft
Batting: SHB Cristián Medina 0-0: Foul Ball, location: 2F
0-1: Swinging Strike
0-2: Ground out 4-3 (Groundball, 4, EV 100.0 MPH)
Batting: RHB Joe Milligan 0-0: Ball
1-0: Ball
2-0: Ball
3-0: Called Strike
3-1: Called Strike
3-2: Base on Balls
Pitching: RHP Jesús Cabrera
Batting: RHB Jorge Sánchez 0-0: Ball
1-0: Called Strike
1-1: Fielders Choice at 2nd, 1-6 (Groundball, 13S, EV 63.8 MPH)
Batting: RHB Dan Strong 0-0: Called Strike
Jorge Sánchez steals 2nd base
0-1: Swinging Strike
0-2: Strikes out swinging
Bottom of the 4th over - 1 run, 1 hit, 0 errors, 1 left on base; Hartford 3 - Erie 5
TOP OF THE 5TH
Hartford Yard Goats batting - Pitching for Erie SeaWolves : LHP Jake William
Batting: LHB Sergio Ayata 0-0: Ball
1-0: Called Strike
1-1: Fly out, F7 (Line Drive, 7, EV 90.0 MPH)
Batting: RHB Stan Moore 0-0: Ball
1-0: Called Strike
1-1: Fly out, F8 (Flyball, 8RS, EV 85.6 MPH)
Batting: RHB Juan Ortíz 0-0: Ball
1-0: Ground out 5-3 (Groundball, 56S, EV 83.8 MPH)
Top of the 5th over - 0 runs, 0 hits, 0 errors, 0 left on base; Hartford 3 - Erie 5
BOTTOM OF THE 5TH
Erie SeaWolves batting - Pitching for Hartford Yard Goats : RHP Jesús Cabrera
Batting: SHB Luis Alemán 0-0: Swinging Strike
0-1: Ball
1-1: Fly out, F8 (Flyball, 8RM, EV 86.9 MPH)
Batting: SHB António González 0-0: Foul Ball, location: 2F
0-1: Ball
1-1: Called Strike
1-2: Foul Ball, location: 23F
1-2: Ball
2-2: Foul Ball, location: 2F
2-2: Strikes out looking
Batting: LHB António García 0-0: Called Strike
0-1: Called Strike
0-2: Ball
1-2: Foul Ball, location: 25FF
1-2: Ball
2-2: Foul Ball, location: 3FF
2-2: Strikes out swinging
Bottom of the 5th over - 0 runs, 0 hits, 0 errors, 0 left on base; Hartford 3 - Erie 5
TOP OF THE 6TH
Hartford Yard Goats batting - Pitching for Erie SeaWolves : LHP Jake William
Batting: LHB Ben Browning 0-0: Ball
1-0: Called Strike
1-1: Foul Ball, location: 9LDF
1-2: Foul Ball, location: 3DF
1-2: Ball
2-2: Strikes out swinging
Batting: RHB Jeff Moon 0-0: Fly out, F7 (Flyball, 7, EV 90.6 MPH)
Batting: RHB Ben Pearcy 0-0: Ball
1-0: Ball
2-0: Foul Ball, location: 5F
2-1: Ball
3-1: Base on Balls
Batting: RHB Iván Ojeda 0-0: Reached on error, E2 (Groundball, 15S, EV 70.0 MPH)
Ben Pearcy to third
Batting: RHB Lúcio Rodríguez 0-0: Foul Ball, location: 5DF
0-1: DOUBLE (Groundball, 5L, EV 101.3 MPH)
Ben Pearcy scores
Iván Ojeda scores
Batting: RHB Ignacio López 0-0: Ball
1-0: SINGLE (Line Drive, 6D, EV 94.4 MPH)
Lúcio Rodríguez to third
Runner from 3rd tries for Home, SAFE, throw by CF to home
Pitching: RHP Dan MacGruder
Batting: LHB Sergio Ayata 0-0: Ball
1-0: Swinging Strike
1-1: Swinging Strike
1-2: Ball
2-2: Ball
3-2: Strikes out swinging
Top of the 6th over - 3 runs, 2 hits, 1 error, 1 left on base; Hartford 6 - Erie 5
BOTTOM OF THE 6TH
Erie SeaWolves batting - Pitching for Hartford Yard Goats : RHP Jesús Cabrera
Batting: LHB Kevin Richter 0-0: Ball
1-0: Ball
2-0: Foul Ball, location: 7LMF
2-1: Ball
3-1: Base on Balls
Batting: SHB Billy Davis 0-0: Swinging Strike
0-1: Ball
1-1: 2-RUN HOME RUN (Flyball, 89XD, EV 113.1 MPH), Distance : 467 ft
Batting: SHB Cristián Medina 0-0: Ball
1-0: Ball
2-0: Ball
3-0: Called Strike
3-1: Base on Balls
Batting: RHB Joe Milligan 0-0: Ball
1-0: Sac Bunt to 13 - play at first, batter OUT! 1-3
Cristián Medina to second
Batting: RHB Jorge Sánchez 0-0: Ball
1-0: Called Strike
1-1: Ball
2-1: Fly out, F9 (Flyball, 89D, EV 90.0 MPH)
Batting: RHB Dan Strong 0-0: Ball
1-0: Ball
2-0: Ball
3-0: Base on Balls
Batting: SHB Luis Alemán 0-0: Called Strike
0-1: Ball
1-1: Ball
2-1: TRIPLE (Line Drive, 9D, EV 110.0 MPH)
Cristián Medina scores
Dan Strong scores
Pitching: RHP Dan Ford
Batting: SHB António González 0-0: Called Strike
0-1: Called Strike
0-2: Ball
1-2: Fly out, F6 (Line Drive, 4MD, EV 63.8 MPH)
Bottom of the 6th over - 4 runs, 2 hits, 0 errors, 1 left on base; Hartford 6 - Erie 9
TOP OF THE 7TH
Hartford Yard Goats batting - Pitching for Erie SeaWolves : RHP Dan MacGruder
Batting: RHB Stan Moore 0-0: Ball
1-0: Ball
2-0: Ball
3-0: Base on Balls
Batting: RHB Juan Ortíz 0-0: Swinging Strike
0-1: Called Strike
0-2: Strikes out looking
Pitching: LHP Harry MacBride
Pinch Hitting: RHB Tom Spencer 0-0: Fly out, F9 (Flyball, 89M, EV 75.6 MPH)
Batting: RHB Jeff Moon 0-0: SINGLE (Line Drive, 6D, EV 94.4 MPH)
Stan Moore to second
Batting: RHB Ben Pearcy 0-0: Ball
1-0: Ball
2-0: SINGLE (Groundball, 34D, EV 103.8 MPH)
Stan Moore to third
Jeff Moon to second
Throwing error, E9
Stan Moore scores
Jeff Moon to third
Ben Pearcy to second
Batting: RHB Iván Ojeda 0-0: Called Strike
0-1: Ball
1-1: Called Strike
1-2: Ball
2-2: Ball
3-2: Ground out 5-3 (Groundball, 5, EV 79.4 MPH)
Top of the 7th over - 1 run, 2 hits, 1 error, 2 left on base; Hartford 7 - Erie 9
BOTTOM OF THE 7TH
Erie SeaWolves batting - Pitching for Hartford Yard Goats : RHP Dan Ford
Pitching: LHP Tony Henderson
Now in RF: Jorge Ortega
Batting: LHB António García 0-0: Ball
1-0: Called Strike
1-1: Ball
2-1: Ball
3-1: Called Strike
3-2: Base on Balls
Batting: LHB Kevin Richter 0-0: Ball
António García is caught stealing 2nd base 2-6
1-0: Foul Ball, location: 23FF
1-1: Foul Ball, location: 5SF
1-2: Ball
2-2: Fly out, F8 (Flyball, 8LD, EV 105.0 MPH)
Batting: SHB Billy Davis 0-0: Called Strike
0-1: Called Strike
0-2: Foul Ball, location: 2F
0-2: Ball
1-2: Ground out U3 (Groundball, 3S, EV 88.8 MPH)
Bottom of the 7th over - 0 runs, 0 hits, 0 errors, 0 left on base; Hartford 7 - Erie 9
TOP OF THE 8TH
Hartford Yard Goats batting - Pitching for Erie SeaWolves : LHP Harry MacBride
Batting: RHB Lúcio Rodríguez 0-0: Called Strike
0-1: Ball
1-1: Swinging Strike
1-2: Strikes out looking
Batting: RHB Ignacio López 0-0: DOUBLE (Flyball, 8RXD, EV 109.4 MPH)
Pinch Hitting: RHB Arturo Delgado 0-0: Ball
1-0: Ball
2-0: Ball
3-0: Base on Balls
Pinch Runner at 2nd Jermaine Smith:
Batting: RHB Stan Moore 0-0: Called Strike
0-1: Foul Ball, location: 7LSF
0-2: Ball
1-2: Ball
2-2: Strikes out swinging
Batting: RHB Juan Ortíz 0-0: Ball
1-0: Ball
2-0: Ball
3-0: Called Strike
3-1: Base on Balls
Jermaine Smith to third
Arturo Delgado to second
Batting: RHB Jorge Ortega 0-0: Called Strike
0-1: Ball
1-1: DOUBLE (Line Drive, 89M, EV 96.9 MPH)
Jermaine Smith scores
Arturo Delgado scores
Juan Ortíz to third
Batting: RHB Jeff Moon 0-0: SINGLE (Flyball, 7LS, EV 89.4 MPH) - OUT at second base trying to stretch hit.
Juan Ortíz scores
Jorge Ortega scores
Top of the 8th over - 4 runs, 3 hits, 0 errors, 0 left on base; Hartford 11 - Erie 9
BOTTOM OF THE 8TH
Erie SeaWolves batting - Pitching for Hartford Yard Goats : LHP Tony Henderson
Now at C: Ken Santana
Now in CF: Jack De san miguel
Batting: SHB Cristián Medina 0-0: SINGLE (Line Drive, 89S, EV 109.4 MPH)
Batting: RHB Joe Milligan 0-0: Ball
1-0: Grounds into double play, 6-4-3 (Groundball, 6S, EV 80.0 MPH)
Batting: RHB Jorge Sánchez 0-0: Ball
1-0: Foul Ball, location: 3FF
1-1: Called Strike
1-2: Ball
2-2: Strikes out looking
Bottom of the 8th over - 0 runs, 1 hit, 0 errors, 0 left on base; Hartford 11 - Erie 9
TOP OF THE 9TH
Hartford Yard Goats batting - Pitching for Erie SeaWolves : LHP Harry MacBride
Pitching: LHP Jim Bermúdez
Batting: RHB Ben Pearcy 0-0: Fly out, F7 (Flyball, 78S, EV 84.4 MPH)
Batting: RHB Iván Ojeda 0-0: Ball
1-0: Ball
2-0: Ball
3-0: Base on Balls
Batting: RHB Lúcio Rodríguez 0-0: Ball
1-0: Ball
2-0: Called Strike
2-1: Ball
3-1: Base on Balls
Iván Ojeda to second
Batting: RHB Jack De san miguel 0-0: Ball
1-0: SINGLE (Groundball, 13S, EV 63.8 MPH) (infield hit)
Iván Ojeda to third
Lúcio Rodríguez to second
Batting: RHB Ken Santana 0-0: Ball
1-0: Called Strike
1-1: Swinging Strike
1-2: Strikes out swinging
Batting: RHB Stan Moore 0-0: SINGLE (Groundball, 6, EV 87.5 MPH)
Iván Ojeda scores
Lúcio Rodríguez to third
Jack De san miguel to second
Runner from 3rd tries for Home, SAFE, throw by CF to home
Batting: RHB Juan Ortíz 0-0: Foul Ball, location: 2F
0-1: Ball
1-1: Ball
2-1: Foul Ball, location: 3SF
2-2: DOUBLE (Groundball, 5L, EV 103.8 MPH)
Jack De san miguel scores
Stan Moore to third
Pitching: RHP Colt Chamberlain
Batting: RHB Jorge Ortega 0-0: Called Strike
0-1: Ground out 6-3 (Groundball, 6M, EV 97.5 MPH)
Top of the 9th over - 3 runs, 3 hits, 0 errors, 2 left on base; Hartford 14 - Erie 9
BOTTOM OF THE 9TH
Erie SeaWolves batting - Pitching for Hartford Yard Goats : LHP Tony Henderson
Batting: RHB Dan Strong 0-0: Called Strike
0-1: SINGLE (Line Drive, 56D, EV 95.6 MPH)
Batting: SHB Luis Alemán 0-0: Fielders Choice at 2nd, 1-6 (Groundball, 13S, EV 67.5 MPH)
Batting: SHB António González 0-0: Ball
1-0: SINGLE (Groundball, 6MS, EV 71.9 MPH) (infield hit)
Luis Alemán to second
Batting: LHB António García 0-0: Ball
1-0: Swinging Strike
1-1: Ball
2-1: Swinging Strike
2-2: Foul Ball, location: 2F
2-2: Foul Ball, location: 2F
2-2: Foul Ball, location: 7LSF
2-2: Foul Ball, location: 2F
2-2: Ball
3-2: Strikes out looking
Pitching: RHP Orlando González
Batting: LHB Kevin Richter 0-0: Swinging Strike
0-1: Ball
Wild Pitch!
Luis Alemán to third
António González to second
1-1: Swinging Strike
1-2: Strikes out swinging
Bottom of the 9th over - 0 runs, 2 hits, 0 errors, 2 left on base; Hartford 14 - Erie 9
Monday, April 1st , 2024 - OOTP Baseball 24.10 Build 82